 Dungeon Sprint DCSS version 0.19-a0-593-gf2cdb02 (webtiles) character file.

5000000 Groucho the Axe Maniac (level 23, -18/219 HPs)
             Began as a Demonspawn Gladiator on June 10, 2016.
             Was the Champion of Makhleb.
             Demolished by The Servant
             ... wielding a +9 glaive of flaming
              (82 damage)
             ... in the Dungeon (Sprint VIII: "Arena of Blood").
             The game lasted 00:02:28 (50 turns).

Groucho the Axe Maniac (Demonspawn Gladiator)         Turns: 50, Time: 00:02:29

Health: -18/219    AC: 16    Str: 21    XL:     23   Next: 80%
Magic:  49/54      EV: 43    Int: 10    God:    Makhleb [******]
Gold:   0          SH:  0    Dex: 28    Spells: 0 memorised, 76 levels left

rFire  + . .     SeeInvis .     l - +∞ Axe of Woe
rCold  . . .     Gourm    .     b - +0 leather armour
rNeg   . . .     Faith    .     (shield currently unavailable)
rPois  .         Spirit   .     c - +0 helmet
rElec  .         Dismiss  .     (no cloak)
rCorr  .         Reflect  .     (gloves unavailable)
SustAt .         Harm     .     (no boots)
MR     +....     NoTele   +     (no amulet)
Stlth  ++++++++++               (no ring)
                                (no ring)

@: mighty, agile, somewhat resistant to hostile enchantments, uncannily stealthy
A: claws 3, iridescent scales 3, fire resistance 1, powered by pain 1, spiny 3
a: Minor Destruction, Lesser Servant of Makhleb, Major Destruction, Greater
Servant of Makhleb, Renounce Religion


You were in the Dungeon.
You worshipped Makhleb.
Makhleb was exalted by your worship.
You were not hungry.

You visited 1 branch

Inventory:

Hand Weapons
 a - a +0 war axe
 l - the +∞ Axe of Woe (weapon)
   (You found it in the Dungeon)
Missiles
 d - 3 throwing nets (quivered)
Armour
 b - a +0 leather armour (worn)
 c - a +0 helmet (worn)
Scrolls
 k - a scroll of blinking
Potions
 e - a potion of curing
 g - a potion of heal wounds
 h - a potion of haste
 i - 2 potions of magic
 j - a potion of berserk rage
Comestibles
 f - a bread ration


   Skills:
 O Level 27 Fighting
 O Level 27 Axes
 O Level 27 Throwing
 O Level 27 Armour
 O Level 27 Dodging
 O Level 27 Stealth
 O Level 27 Unarmed Combat
 O Level 27 Spellcasting
 O Level 27 Invocations


You had 76 spell levels left.
You didn't know any spells.

Dungeon Overview and Level Annotations

Branches:
Dungeon (1/1)

Altars:
Makhleb

Annotations:
D The Servant


Innate Abilities, Weirdness & Mutations

You have claws for hands.
You are completely covered in iridescent scales. (AC +8)
Your flesh is heat resistant. (rF+)
You sometimes gain a little power by taking damage.
You are completely covered in sharp spines.


Message History

You hear a shout! x4 3 ogres, a hill giant, 2 small abominations and 2 crawling corpses come into view.
Unknown command.
Really walk into that cloud of flame?
Okay, then.
Unknown command.
There are monsters nearby!
Really walk into that cloud of flame? 4 orcs come into view.
You are engulfed in roaring flames.
You resist.
* * * LOW HITPOINT WARNING * * *
You hear a shout! x5
The bag of meat moves out of view.
The destroyer is engulfed in roaring flames.
The large abomination is engulfed in roaring flames.
The sculptor of flesh is engulfed in roaring flames.
You hear a shout! x5
The bag of meat moves out of view.
The Servant hits you with a +9 glaive of flaming!!!!
You die... .......... ....o...... o.C...... #.o.o. .# . #ooo.

..# ..%###.oO
..###.
.%.o.zox###§.O.%.
#..o%o@@)VzX..O.%
...O.z#O§x§x#....
o.... #X%<._# .
o... #o...%# #..
....%_%....
.......o###%.....
. .###..o §.###.
#... ..# #.. ..#


You could see The Servant, a destroyer, 3 sculptors of flesh, a large bag of
meat (inner flame), 2 large abominations, 5 meat berserkers, a small
abomination, 17 bags of meat and 2 crawling corpses.

Vanquished Creatures
  A vampire knight (D)
  11 ogres (D)
  21 orcs (D)
  6 hill giants (D)
  A skeletal warrior (D)
  A small abomination (D)
41 creatures vanquished.

Notes
Turn   | Place    | Note
--------------------------------------------------------------
     0 | D        | Groucho the Demonspawn Gladiator began the quest for the Orb.
     0 | D        | Reached XP level 1. HP: 16/16 MP: 1/1
     3 | D        | Noticed a bag of meat
     4 | D        | Became a worshipper of Makhleb the Destroyer
     8 | D        | Killed a bag of meat
     8 | D        | Reached skill level 10 in Fighting
     8 | D        | Reached skill level 10 in Stealth
     8 | D        | Gained mutation: You are partially covered in iridescent scales. (AC +4) [demonic ancestry]
     8 | D        | Reached XP level 2. HP: 36/36 MP: 1/9
     8 | D        | Gained mutation: You have sharp fingernails. [demonic ancestry]
     8 | D        | Reached XP level 3. HP: 42/42 MP: 1/10
     8 | D        | Reached XP level 4. HP: 48/48 MP: 1/12
     8 | D        | Gained mutation: You have very sharp fingernails. [demonic ancestry]
     8 | D        | Reached XP level 5. HP: 54/54 MP: 1/13
     8 | D        | Reached XP level 6. HP: 61/61 MP: 1/15
     8 | D        | Gained mutation: You are partially covered in sharp spines. [demonic ancestry]
     8 | D        | Reached XP level 7. HP: 67/67 MP: 1/16
     8 | D        | Gained mutation: You have claws for hands. [demonic ancestry]
     8 | D        | Reached XP level 8. HP: 73/73 MP: 1/17
     8 | D        | Reached XP level 9. HP: 79/79 MP: 1/18
     8 | D        | Gained mutation: You sometimes gain a little power by taking damage. [demonic ancestry]
     8 | D        | Reached XP level 10. HP: 86/86 MP: 1/19
     8 | D        | Reached XP level 11. HP: 92/92 MP: 1/20
    10 | D        | Noticed a meat berserker
    11 | D        | Noticed a bag of meat
    13 | D        | Noticed a meat berserker
    13 | D        | Noticed a meat berserker
    13 | D        | Killed a bag of meat
    13 | D        | Reached * piety under Makhleb
    13 | D        | Reached skill level 10 in Armour
    13 | D        | Reached skill level 10 in Unarmed Combat
    13 | D        | Gained mutation: You are mostly covered in sharp spines. [demonic ancestry]
    13 | D        | Reached XP level 12. HP: 74/102 MP: 2/22
    13 | D        | Killed a meat berserker
    13 | D        | Gained mutation: You are mostly covered in iridescent scales. (AC +6) [demonic ancestry]
    13 | D        | Reached XP level 13. HP: 112/112 MP: 2/25
    13 | D        | Gained mutation: You are completely covered in iridescent scales. (AC +8) [demonic ancestry]
    13 | D        | Reached XP level 14. HP: 119/119 MP: 2/26
    14 | D        | Noticed a meat berserker
    15 | D        | Noticed a bag of meat
    15 | D        | Noticed a meat berserker
    16 | D        | Noticed a bag of meat
    16 | D        | Killed a meat berserker
    16 | D        | Reached ** piety under Makhleb
    16 | D        | Reached skill level 15 in Fighting
    16 | D        | Reached skill level 15 in Stealth
    16 | D        | Reached XP level 15. HP: 111/129 MP: 2/28
    17 | D        | Killed a meat berserker
    17 | D        | Reached skill level 15 in Armour
    17 | D        | Reached skill level 15 in Unarmed Combat
    17 | D        | Killed a meat berserker
    17 | D        | Reached *** piety under Makhleb
    17 | D        | Reached XP level 16. HP: 141/141 MP: 2/30
    18 | D        | Killed a meat berserker
    18 | D        | Reached XP level 17. HP: 151/151 MP: 3/32
    19 | D        | Noticed a meat berserker
    19 | D        | Noticed a meat berserker
    21 | D        | Killed a meat berserker
    21 | D        | Reached **** piety under Makhleb
    21 | D        | Killed a meat berserker
    21 | D        | Reached XP level 18. HP: 162/162 MP: 3/34
    24 | D        | Reached ***** piety under Makhleb
    25 | D        | Reached XP level 19. HP: 174/174 MP: 4/36
    26 | D        | Reached skill level 27 in Axes
    26 | D        | Reached skill level 27 in Dodging
    26 | D        | Reached skill level 27 in Invocations
    27 | D        | Noticed a large bag of meat
    29 | D        | Noticed a large bag of meat
    30 | D        | Reached ****** piety under Makhleb
    31 | D        | Killed a large bag of meat
    31 | D        | Reached XP level 20. HP: 192/192 MP: 5/37
    32 | D        | Reached skill level 27 in Fighting
    32 | D        | Reached skill level 27 in Stealth
    33 | D        | Noticed a meat berserker
    34 | D        | Reached skill level 27 in Armour
    34 | D        | Reached skill level 27 in Unarmed Combat
    34 | D        | Reached skill level 5 in Throwing
    34 | D        | Reached skill level 5 in Spellcasting
    36 | D        | Gained mutation: You are completely covered in sharp spines. [demonic ancestry]
    36 | D        | Reached XP level 21. HP: 204/204 MP: 16/38
    40 | D        | Reached XP level 22. HP: 212/212 MP: 17/50
    43 | D        | Noticed a destroyer
    44 | D        | Reached skill level 27 in Throwing
    44 | D        | Reached skill level 27 in Spellcasting
    46 | D        | Noticed a destroyer
    46 | D        | Noticed The Servant
    47 | D        | Gained mutation: Your flesh is heat resistant. (rF+) [demonic ancestry]
    47 | D        | Reached XP level 23. HP: 219/219 MP: 41/54
    49 | D        | Noticed an accursed
    49 | D        | Killed a destroyer
    50 | D        | Demolished by The Servant

Vault maps used:
D:        meatsprint

Skill      XL: |  1  2  3  4  5  6  7  8  9 10 11 12 13 14 15 16 17 18 19 20 21 22 |
---------------+-------------------------------------------------------------------+-----
Fighting       | 10 11 13 15 17 18 20 21 25 27 | 27.0
Axes           | 13 14 17 18 21 22 24 26 27 | 27.0
Armour         | 9 10 12 14 16 17 18 20 23 27 | 27.0
Dodging        | 13 14 17 18 21 22 24 26 27 | 27.0
Stealth        | 10 11 13 15 17 18 20 21 25 27 | 27.0
Unarmed Combat | 9 10 12 14 16 17 18 20 23 27 | 27.0
Invocations    | 12 14 17 18 21 22 24 26 27 | 27.0
Throwing       | 11 24 27 | 27.0
Spellcasting   | 11 24 27 | 27.0

Action                   |  1- 3 |  4- 6 |  7- 9 | 10-12 | 13-15 | 16-18 | 19-21 | 22-24 || total
-------------------------+-------+-------+-------+-------+-------+-------+-------+-------++-------
Melee: Executioner's axe |     1 |       |       |     1 |     2 |     5 |     9 |     7 ||    25
Dodge: Dodged            |       |       |       |       |       |     1 |     1 |       ||     2
